 Dungeon Crawl Stone Soup version 0.30-a0-778-g2ef04afb54 (webtiles) character file.

Game seed: 1072394461756547064

30 Esekla the Sneak (level 3, 0/26 HPs)
             Began as an Octopode Delver on Feb 17, 2023.
             Succumbed to a water moccasin's poison
             ... on level 5 of the Dungeon.
             The game lasted 00:04:13 (526 turns).

Esekla the Sneak (Octopode Delver)                   Turns: 526, Time: 00:04:13

Health: 0/26       AC:  1    Str:  9 (11) XL:     3   Next: 18%
Magic:  3/3        EV: 13    Int: 11 (14) God:
Gold:   12         SH:  0    Dex: 11 (13) Spells: 3/3 levels left

rFire   . . .      SeeInvis .    a - +0 falchion
rCold   . . .      Faith    .    (no shield)
rNeg    . . .      Spirit   .    (helmet restricted)
rPois   .          Reflect  .    (no amulet)
rElec   .          Harm     .    (no ring)
rCorr   .          Rampage  .    (no ring)
Will    .....                    (no ring)
Stlth   ++++                     (no ring)
HPRegen 0.24/turn                (no ring)
MPRegen 0.08/turn                (no ring)
                                 (no ring)
                                 (no ring)

@: lethally poisoned (0 -> -9)
A: almost no armour, amphibious, 8 rings, camouflage 1, gelatinous body 1,
(nimble swimmer 1), tentacles
a: no special abilities


You were on level 5 of the Dungeon.
You visited 1 branch of the dungeon, and saw 1 of its levels.

You collected 12 gold pieces.

Inventory:

Hand Weapons
 a - a +0 falchion (weapon)
 g - a +0 dagger
Wands
 f - a wand of digging (3)
Scrolls
 b - a scroll of fog


   Skills:
 * Level 3.2 Fighting
 * Level 2.2 Long Blades
 * Level 2.2 Dodging
 + Level 7.1 Stealth
 * Level 0.5 Spellcasting


You had 3 spell levels left.
You didn't know any spells.
Your spell library contained the following spells:

 Spells                   Type           Power      Damage    Failure   Level
 Summon Lightning Spire   Summ/Air       0%         N/A       98%         4
 Storm Form               Tmut/Air       0%         N/A       100%        7
 Maxwell's Capacitive Co  Air            0%         ∞         100%        8


Dungeon Overview and Level Annotations

Branches:
Dungeon (5/15)
 Temple: D:4-7

Altars:
Gozag

Annotations:
D:5 2 transporters, FireHeadGirl's ghost, novice BaWr


Innate Abilities, Weirdness & Mutations

You cannot wear most types of armour.
You are amphibious.
You can wear up to eight rings at the same time.
Your skin changes colour to match your surroundings (Stealth+).
Your rubbery body absorbs attacks. (AC +1, EV +1)
((You are camouflaged when in or above water. (Stealth+)))
You have tentacles for arms and can constrict up to eight enemies at once.


Message History

You feel sick.
You feel sick.
You feel sick.
You feel sick.
You feel sick.
You are no longer poisoned.
Okay, then.
Okay, then.
As you read the scroll labelled KOWKONK DACH, it crumbles to dust.
You hear a loud clanging noise!
It was a scroll of noise.
You hear an angry growl.
You hear a shout! x3
It was a potion of degeneration.
There was something very wrong with that liquid.
You feel weakened.
You feel dopey.
You feel clumsy.
Your extra speed is starting to run out.
Found a +0 whip.
You feel yourself slow down.
You miss the water moccasin. You grab the water moccasin.
You squeeze the water moccasin, but do no damage.
You constrict the water moccasin, but do no damage.
The water moccasin closely misses you. The water moccasin bites you.
You slash the water moccasin!
The water moccasin is moderately wounded.
You constrict the water moccasin.
The water moccasin completely misses you.
You barely miss the water moccasin. You squeeze the water moccasin!
The water moccasin is severely wounded.
You constrict the water moccasin. The water moccasin bites you.
The water moccasin closely misses you.
You hit the water moccasin. Your squeeze misses the water moccasin.
The water moccasin is severely wounded.
You constrict the water moccasin. The water moccasin bites you!
* * * LOW HITPOINT WARNING * * *
You are lethally poisoned!
The water moccasin poisons you!
The water moccasin bites you but does no damage.
You slash the water moccasin!
You kill the water moccasin!
You die...

§.......,,******,*,*
≈...#****,* *,*,*
§...# *,* *,*,*
....# *,* *,*,*
###.# *,* *,*,* #.#
*,******,*,* #.#
*,,,,,,,,*,#
#.##############.##
#............†@..)#
#.#################
###


There were no monsters in sight!

Vanquished Creatures
  A water moccasin (D:5)
  3 adders (D:5)
  A quokka (D:5)
5 creatures vanquished.

Notes
Turn   | Place    | Note
-------+----------+-------------------------------------------
     0 | D:5      | Esekla the Octopode Delver began the quest for the Orb.
     0 | D:5      | Reached XP level 1. HP: 16/16 MP: 1/1
    31 | D:5      | Found an opulent altar of Gozag.
    41 | D:5      | Noticed a black bear
    56 | D:5      | Reached XP level 2. HP: 13/21 MP: 2/2
   110 | D:5      | Noticed a scorpion
   160 | D:5      | Noticed a black bear
   171 | D:5      | Found a transporter.
   171 | D:5      | Noticed FireHeadGirl's ghost (novice BaWr)
   172 | D:5      | Found a transporter.
   175 | D:5      | Noticed an ogre
   182 | D:5      | Noticed a black bear
   224 | D:5      | Reached skill level 7 in Stealth
   236 | D:5      | Noticed a scorpion
   384 | D:5      | Reached XP level 3. HP: 26/26 MP: 3/3
   449 | D:5      | Noticed a water moccasin
   526 | D:5      | Killed a water moccasin
   526 | D:5      | Succumbed to a water moccasin's poison

Illustrated notes

Levels and vault maps discovered:
D:5:      layout_basic, general_overflow_altar, gammafunk_ghost_smash,
          kennysheep_generic_room_7

Skill      XL: |  1  2 |
---------------+-------+-----
Stealth        | 7 |  7.1
Fighting       | |  3.2
Long Blades    | |  2.2
Dodging        | |  2.2
Spellcasting   | |  0.5

Action                     || total
---------------------------++-------
  Melee: Falchion          ||    22
         Tentacles         ||     4
         Constrict         ||     2
    Use: Scroll            ||     3
         Potion            ||     2
   Stab: Sleeping          ||     1
 Armour: Skin              ||     3
  Dodge: Dodged            ||    18

Table legend: (Time is in decaauts)
 A = Elapsed time spent in this place.
 B = Non-inter-level travel time spent in this place.
 C = Inter-level travel time spent in this place.
 D = Time resting spent in this place.
 E = Time spent auto-exploring this place.
 F = Levels seen in this place.
 G = Mean time per level.
                   A        B        C        D        E       F      G
               +--------+--------+--------+--------+--------+-----+--------+
         Total |    511 |    511 |      0 |     25 |      0 |   1 |  511.0 |
       Dungeon |    511 |    511 |      0 |     25 |      0 |   1 |  511.0 |
               +--------+--------+--------+--------+--------+-----+--------+

Top non-repeatable levels by time:
     D:5: 511 daAuts
